 Dungeon Crawl Stone Soup version 0.30.1-9-gdf580d7c3d (webtiles) character file.

Game seed: 13301501894679207703

184 sizableburger the Insei (level 5, 0/42 HPs)
             Began as a Demigod Transmuter on Oct 25, 2023.
             Succumbed to Edmund's poison
             ... on level 4 of the Dungeon.
             The game lasted 00:08:39 (3883 turns).

sizableburger the Insei (Demigod Transmuter)        Turns: 3883, Time: 00:08:39

Health: 0/42       AC:  4    Str: 11    XL:     5   Next: 14%
Magic:  9/10       EV: 17    Int: 19    God:
Gold:   203        SH:  0    Dex: 14    Spells: 3/7 levels left

rFire   + . .        l - staff of poison
rCold   + . .        (no shield)
rNeg    . . .        a - +0 robe
rPois   +            h - +0 helmet
rElec   +            f - +0 cloak
rCorr   +            (no gloves)
SInv    +            (no boots)
Will    .....        j - amulet of the acrobat
Stlth   +            c - +5 ring of evasion
HPRegen 0.27/turn    k - ring of see invisible
MPRegen 0.12/turn

%: acrobat
@: brilliant, lethally poisoned (0 -> -19), resistant, attractive
A: high MP 1, forlorn, divine attributes
a: no special abilities


You were on level 4 of the Dungeon.
You visited 1 branch of the dungeon, and saw 4 of its levels.

You collected 203 gold pieces.

Inventory:

Armour
 a - a +0 robe (worn)
 f - a +0 cloak (worn)
 h - a +0 helmet (worn)
 r - a +0 hat
Magical Staves
 l - a staff of poison (weapon)
Jewellery
 c - a +5 ring of evasion (left hand)
 g - a ring of ice
 j - an amulet of the acrobat (around neck)
 k - a ring of see invisible (right hand)
Scrolls
 d - 4 scrolls of teleportation
 e - a scroll of blinking
 i - a scroll of vulnerability
Potions
 s - a potion of brilliance


   Skills:
 + Level 2.6 Fighting
 - Level 1.7 Dodging
 + Level 3.7 Unarmed Combat
 + Level 1.8 Spellcasting
 - Level 3.0 Transmutations
 + Level 1.5 Poison Magic


You had 3 spell levels left.
You knew the following spells:

 Your Spells              Type           Power      Damage    Failure   Level
a - Beastly Appendage     Tmut           38%        N/A       4%          1
b - Spider Form           Tmut/Pois      23%        N/A       21%         3

Your spell library contained the following spells:

 Spells                   Type           Power      Damage    Failure   Level
 Wereblood                Tmut           19%        N/A       8%          2
 Foxfire                  Conj/Fire      8%         2x1d4     17%         1
 Vhi's Electric Charge    Tloc/Air       4%         N/A       45%         3
 Ice Form                 Ice/Tmut       11%        N/A       67%         4
 Arcjolt                  Conj/Air       1%         1d11      99%         5
 Fireball                 Conj/Fire      1%         3d3       99%         5
 Plasma Beam              Fire/Air       1%         2x1d12    100%        6
 Starburst                Conj/Fire      1%         6d3       100%        6
 Maxwell's Capacitive Co  Air            1%         ∞         100%        8


Dungeon Overview and Level Annotations

Branches:
Dungeon (4/15)
 Temple: D:4-7

Annotations:
D:4 Edmund


Innate Abilities, Weirdness & Mutations

You have an increased reservoir of magic. (+10% MP)
You shall have no god before yourself.
Your divine heritage dramatically boosts your attributes as you level up.


Message History

Edmund is moderately wounded.
Edmund hits you with a +0 flail of venom!
You are poisoned.
You hit Edmund but do no damage.
Edmund looks as sick as possible!
Edmund is moderately wounded.
You feel very sick.
You hit Edmund.
Edmund is heavily wounded.
You feel very sick. Edmund completely misses you.
You hit Edmund but do no damage.
Edmund looks as sick as possible!
Edmund is heavily wounded.
You feel very sick.
Edmund hits you with a +0 flail of venom.
You are lethally poisoned!
You feel better.
Edmund says, "You wouldn't believe how much I paid for this flail."
Edmund misses you.
You feel protected.
Edmund hits you with a +0 flail of venom.
You are poisoned.
You hit Edmund.
Edmund looks as sick as possible!
Edmund is severely wounded.
You feel very sick.
Edmund hits you with a +0 flail of venom!
* * * LOW HITPOINT WARNING * * *
You are lethally poisoned!
You aren't carrying any items that you can evoke.
Okay, then.
Blink to where?
Press: ? - help, Dir - move target
As you read the scroll of blinking, it crumbles to dust.
* * * LOW HITPOINT WARNING * * *
You feel very sick. Edmund is attracted toward you.
Your transformation has ended.
Your staff of poison unmelds from your body.
Your +0 cloak unmelds from your body.
Your +0 helmet unmelds from your body.
Your +0 robe unmelds from your body.
You die...

.......###+###########.......
#+##.......................#
#..#.......................#
#..#.......................#
#[.#.......................+
#..#.......................#
'†.#.......................#
#..#.......†.................
#..###########..@....########
......... #.......# .........
#.......# ......... #.......#
......... #..@....# .........
#.......#
##+###########.>.....###
................§......#
.......................+


You could see Edmund (extremely poisoned).

Vanquished Creatures
  An ogre (D:4)
  3 adders
  An ufetubus (D:4)
  3 worms
  5 dart slugs
  6 orcs
  2 bats
  3 bat zombies (D:3)
  2 giant cockroaches
  3 hobgoblins
  4 jackals (D:3)
  2 quokkas
  3 ball pythons
  3 frilled lizards
  2 goblins
  4 kobolds
47 creatures vanquished.

Notes
Turn   | Place    | Note
-------+----------+-------------------------------------------
     0 | D:1      | sizableburger the Demigod Transmuter began the quest for
                  | the Orb.
     0 | D:1      | Reached XP level 1. HP: 15/15 MP: 5/5
   139 | D:1      | Reached skill level 1 in Fighting
   991 | D:2      | Reached XP level 2. HP: 22/23 MP: 7/7
  2292 | D:3      | Reached XP level 3. HP: 29/29 MP: 6/8
  2296 | D:3      | Learned a level 3 spell: Spider Form
  3232 | D:4      | Identified a scroll of acquirement
  3365 | D:4      | Reached XP level 4. HP: 19/36 MP: 6/9
  3645 | D:4      | Noticed an ogre
  3650 | D:4      | Killed an ogre
  3651 | D:4      | Reached skill level 1 in Poison Magic
  3651 | D:4      | Reached XP level 5. HP: 42/42 MP: 6/10
  3762 | D:4      | Acquired an amulet of the acrobat
  3769 | D:4      | Acquired a staff of poison
  3845 | D:4      | Noticed Edmund
  3883 | D:4      | Succumbed to Edmund's poison

Illustrated notes

Levels and vault maps discovered:
D:1:      kilobyte_arrival_exit_the_forest, layout_loops_ring,
          dreamdust_mushroom_princess
D:2:      layout_loops_corners
D:3:      kb_forest_paths, layout_basic, lemuel_zombie_altar_kikubaaqudgha,
          lemuel_tele_altar, hangedman_decor_points
D:4:      layout_gridville, uniq_edmund

Skill      XL: |  1  2  3  4 |
---------------+-------------+-----
Fighting       | 1 2 |  2.6
Transmutations | 2 3 |  3.0
Unarmed Combat | 3 |  3.7
Poison Magic   | 1 |  1.5
Dodging        | |  1.7
Spellcasting   | |  1.8

Action                     |  1- 3 |  4- 6 || total
---------------------------+-------+-------++-------
  Melee: Unarmed           |   162 |    29 ||   191
         Kick              |    22 |       ||    22
         Headbutt          |    12 |       ||    12
         Punch             |     3 |       ||     3
   Cast: Beastly Appendage |    12 |       ||    12
         Spider Form       |     1 |     4 ||     5
Ability: End Transformatio |       |     1 ||     1
    Use: Potion            |     2 |     6 ||     8
         Scroll            |     9 |     4 ||    13
   Stab: Sleeping          |     3 |     1 ||     4
         Distracted        |       |     1 ||     1
 Armour: Robe              |    25 |     1 ||    26
  Dodge: Dodged            |   145 |    21 ||   166
